 Dungeon Crawl Stone Soup version 0.19.4-25-g1b72edd (webtiles) character file.

73093 Gargoyl the Protected (level 15, -1/128 HPs)
             Began as a Ghoul Abyssal Knight on Mar 1, 2017.
             Was a High Priest of Lugonu.
             Slain by an enormous slime creature (67 damage)
             ... on level 15 of the Dungeon.
             The game lasted 01:10:21 (30631 turns).

Gargoyl the Protected (Ghoul Abyssal Knight)       Turns: 30631, Time: 01:10:22

Health: -1/128     AC: 25    Str: 18    XL:     15   Next: 42%
Magic:  23/23      EV: 11    Int:  7    God:    Lugonu [*****.]
Gold:   1383       SH: 18    Dex: 13    Spells: 0 memorised, 14 levels left

rFire  . . .     SeeInvis .     w - +3 broad axe (flame)
rCold  + + .     Gourm    .     L - +1 chain mail {MR+}
rNeg   + + +     Faith    .     q - +0 large shield {reflect}
rPois  ∞         Spirit   .     u - +2 hat
rElec  .         Reflect  +     f - +2 cloak
rCorr  .         Harm     .     l - +2 pair of gloves
MR     ++...                    z - +1 pair of boots
Stlth  ..........               d - +4 amulet of reflection
                                k - ring of protection from cold
                                Z - +5 ring of evasion

@: rotting
A: rotting body, claws 1, carnivore 3, cold resistance 1, negative energy
resistance 3, slow regeneration 1, torment resistance, unbreathing
a: Depart the Abyss, Bend Space, Banish, Corrupt, Enter the Abyss, Renounce
Religion


You were on level 15 of the Dungeon.
You worshipped Lugonu.
Lugonu was extremely pleased with you.
You were not hungry.

You visited 2 branches of the dungeon, and saw 21 of its levels.
You visited the Abyss 1 time.
You also visited: Sewer.

You collected 1383 gold pieces.

Inventory:

Hand Weapons
 w - a +3 broad axe of flaming (weapon)
 A - the +0 bardiche of Ylivibro {chop, rPois MR+ Int-4 SInv}
   (You found it on level 6 of the Dungeon)

   It inflicts extra damage upon your enemies.
   It affects your intelligence (-4).
   It protects you from poison.
   It affects your resistance to hostile enchantments.
   It lets you see invisible.
 D - a +5 broad axe
Missiles
 t - a tomahawk of returning (quivered)
Armour
 f - a +2 cloak (worn)
 l - a +2 pair of gloves (worn)
 q - a +0 large shield of reflection (worn)
 u - a +2 hat (worn)
 z - a +1 pair of boots (worn)
 L - a +1 chain mail of magic resistance (worn)
Jewellery
 d - a +4 amulet of reflection (around neck)
 g - an uncursed amulet of the gourmand {unknown}
 k - a ring of protection from cold (right hand)
 r - a +3 ring of evasion
 C - a +4 ring of slaying {unknown}
 T - an uncursed ring of protection from cold
 Z - a +5 ring of evasion (left hand)
Wands
 i - a wand of lightning (8/15)
 n - a wand of confusion (32/48)
 y - a wand of hasting (6/9)
 F - a wand of digging (16/24)
 K - a wand of teleportation (2/9)
 W - a wand of iceblast (2/15)
Scrolls
 a - 3 scrolls of identify
 b - 2 scrolls of recharging
 v - 8 scrolls of remove curse
 x - 2 scrolls of blinking
 G - a scroll of amnesia
 I - a scroll of fog
Potions
 e - 3 potions of flight
 o - 2 potions of curing
 p - 4 potions of cancellation
 s - a potion of resistance {unknown}
 B - 2 potions of brilliance
 J - 3 potions of agility
 U - a potion of invisibility {unknown}
 Y - 3 potions of might
Books
 h - a book of Ice

   Spells                             Type                      Level
   a - Ice Form                       Ice/Transmutation            4
   b - Metabolic Englaciation         Hexes/Ice                    5
   c - Ozocubu's Refrigeration        Ice                          6
   d - Bolt of Cold                   Conjuration/Ice              6
   e - Freezing Cloud                 Conjuration/Ice/Air          6
   f - Simulacrum                     Ice/Necromancy               6
 j - a book of Minor Magic

   Spells                             Type                      Level
   a - Magic Dart                     Conjuration                  1
   b - Blink                          Translocation                2
   c - Call Imp                       Summoning                    2
   d - Repel Missiles                 Charms/Air                   2
   e - Slow                           Hexes                        2
   f - Conjure Flame                  Conjuration/Fire             3
   g - Mephitic Cloud                 Conjuration/Poison/Air       3
Comestibles
 c - 8 meat rations
 m - a slice of pizza


   Skills:
 + Level 10.6 Fighting
 + Level 12.5(13.3) Axes
 + Level 7.9(11.2) Polearms
 + Level 0.6 Throwing
 * Level 12.8 Armour
 + Level 4.4 Dodging
 + Level 5.8 Shields
 * Level 12.5 Invocations
 + Level 0.8 Evocations


You had 14 spell levels left.
You didn't know any spells.

Dungeon Overview and Level Annotations

Branches:
Dungeon (15/15)            Temple (0/1) D:4            Lair (6/6) D:11
 Shoals (0/4) Lair:4        Snake (0/4) Lair:3        Slime (0/5) Lair:5
    Orc (0/2) D:12         Vaults (0/5) D:14
 Depths: D:15

Altars:
Ashenzari
Dithmenos
Elyvilon
Fedhas
Gozag
Nemelex Xobeh
Okawaru
Ru
Trog
Uskayaw
Vehumet
Xom
Zin
The Shining One
Beogh
Jiyva

Annotations:
D:5 Prince Ribbit
D:12 Frances
D:15 Laauton's ghost, journeyman DDFi


Innate Abilities, Weirdness & Mutations

Your body is rotting away.
You thrive on raw meat.
You are immune to poison.
You have sharp fingernails.
You are carnivorous and can eat meat at any time.
Your flesh is cold resistant. (rC+)
You are immune to negative energy. (rN+++)
You regenerate slowly when monsters are visible.
You are immune to unholy pain and torment.
You can survive without breathing.


Message History

Unknown command.
Unknown command.
The slime creature quivers.
You slash the orc warrior! You burn the orc warrior.
The orc warrior is severely wounded.
You block the orc warrior's attack.
You slash the orc warrior! You burn the orc warrior.
You kill the orc warrior!
Lugonu accepts your kill.
Two slime creatures merge to form an enormous slime creature.
Unknown command.
Things that are here:
a trident of flaming; a plate armour Unknown command.
There isn't anything to butcher here.
You hit the enormous slime creature. You burn the enormous slime creature.
The enormous slime creature is lightly wounded.
The enormous slime creature hits you!!!
Ouch! That really hurt!
You die...

.###..........##..
..................
.##..###########.#
###.%# #.# # #
##.# #.# .# # #.#
#.## #.## # #.#
#..####...# ####.#
#.......# ...#.#
#@##.##...# ...#.#
#J##$# #### #..#
#J##.# #..# ..##J#
#..# ..##.# #..#
......# ...#
####### .... ####


You could see an enormous slime creature and a slime creature.

Vanquished Creatures
  Gastronok (D:9)
  Louise (D:14)
  Nessos (D:14)
  Snorg (Lair:6)
  Josephine (D:13)
  Fannar (Lair:2)
  2 hydras (D:14)
  A vault guard (D:14)
  A catoblepas (Lair:5)
  Erica (Lair:2)
  5 centaur warriors
  The ghost of Laauton the Cleaver, a novice DDFi of Trog (Lair:2)
  2 tengu warriors (D:14)
  12 death yaks
  A deep troll shaman (Lair:6)
  7 hell knights (D:13)
  An unseen horror (D:12)
  Pikel (D:7)
  2 lindwurms (Lair:6)
  2 hill giants
  A necromancer (D:13)
  4 ugly things
  2 cyclopes (D:14)
  2 deep elf magi
  9 elephants (Lair:6)
  2 black mambas
  9 spiny frogs
  A gargoyle (D:13)
  2 rime drakes
  7 komodo dragons
  A freezing wraith (D:15)
  4 trolls
  3 polar bears
  A hornet (D:14)
  12 hippogriffs
  A two-headed ogre (D:12)
  10 blink frogs
  A raiju (shapeshifter) (D:13)
  2 shadows
  4 wraiths (D:13)
  4 basilisks
  28 yaks
  4 hungry ghosts
  2 vampire mosquitoes (D:12)
  2 steam dragons
  Menkaure (D:7)
  2 mottled dragons
  3 nagas (Lair:3)
  Edmund (D:5)
  A soldier ant (D:13)
  Duvessa (D:7)
  11 water moccasins
  7 hell hounds (D:13)
  11 orc warriors
  8 porcupines
  6 sky beasts
  An eye of draining (D:11)
  A black bear (Lair:6)
  3 ice beasts
  6 ogres
  3 centaurs
  11 wolves
  14 crocodiles
  14 bullfrogs
  2 gnoll sergeants (D:10)
  3 big kobolds
  Blork the orc (D:6)
  Dowan (D:7)
  3 wyvern skeletons
  6 scorpions
  8 killer bees
  9 wights
  A howler monkey (D:7)
  8 crimson imps
  2 centaur zombies
  An electric eel (Lair:2)
  8 hounds
  3 quasits
  2 bullfrog zombies
  3 centaur skeletons
  10 jellies
  7 orc priests
  Crazy Yiuf (D:7)
  3 bullfrog skeletons
  Ijyb (D:2)
  Jessica (D:2)
  An iguana (D:6)
  8 worker ants
  10 orc wizards
  2 hound zombies
  A howler monkey skeleton (D:6)
  A worker ant zombie (D:6)
  12 gnolls
  10 adders
  5 shadow imps
  7 oozes
  An adder skeleton (D:9)
  2 adder zombies (D:8)
  4 worms
  6 leopard geckos
  60 orcs
  A ball python (Sewer)
  7 giant cockroaches
  8 goblins
  11 hobgoblins
  3 jackals
  20 kobolds
  2 quokkas
  4 bats
  5 frilled lizards
  2 jackal skeletons
  8 rats
  2 fungi
  3 plants
558 creatures vanquished.

Vanquished Creatures (collateral kills)
  A spiny frog (Lair:4)
1 creature vanquished.

Vanquished Creatures (others)
  5 hydras
  A death yak (Lair:5)
  The ghost of Peloso the Carver, a novice MiFi of Okawaru (D:8)
  A fire crab (D:14)
  A hill giant (D:11)
  An oklob plant (D:11)
  The ghost of tschems the Chopper, a novice HuFi of Okawaru (D:6)
  A gargoyle (D:10)
  A komodo dragon (Lair:2)
  A freezing wraith (D:11)
  A troll (D:10)
  An orc warrior (D:13)
  2 slaves (D:7)
  2 centaurs
  An ogre (D:7)
  A shadow imp (D:14)
  A bush (Lair:6)
  20 fungi
  7 plants
  3 withered plants (D:15)
53 creatures vanquished.

Grand Total: 612 creatures vanquished

Notes
Turn   | Place    | Note
-------+----------+-------------------------------------------
     0 | Abyss:1  | Gargoyl the Ghoul Abyssal Knight began the quest for the Orb.
     0 | Abyss:1  | Reached XP level 1. HP: 19/19 MP: 1/1
    25 | Abyss:1  | Noticed a wight
    60 | Abyss:1  | Noticed a wight
    61 | D:1      | Escaped the Abyss
   266 | D:1      | Reached * piety under Lugonu
   370 | D:1      | Reached XP level 2. HP: 25/26 MP: 2/2
   383 | D:1      | Reached skill level 1 in Dodging
  1078 | D:2      | Reached XP level 3. HP: 33/33 MP: 3/3
  1105 | D:2      | Noticed Ijyb
  1146 | D:2      | Killed Ijyb
  1331 | D:2      | Reached XP level 4. HP: 40/40 MP: 5/5
  1336 | D:2      | Noticed Jessica
  1356 | D:2      | Killed Jessica
  1468 | D:2      | Reached ** piety under Lugonu
  1477 | D:2      | Found a sacrificial altar of Ru.
  1497 | D:2      | Found a bloodstained altar of Trog.
  1961 | D:2      | Found an iron altar of Okawaru.
  2302 | D:3      | Reached XP level 5. HP: 39/46 MP: 6/6
  2508 | D:3      | Found a blossoming altar of Fedhas.
  2942 | D:4      | Reached XP level 6. HP: 52/52 MP: 7/7
  2970 | D:4      | Found a staircase to the Ecumenical Temple.
  3091 | D:4      | Found a glowing drain.
  3129 | Sewer    | Entered a sewer
  3220 | Sewer    | Noticed GagarinX's ghost (amateur MiFi)
  3431 | D:5      | Entered Level 5 of the Dungeon
  3621 | D:5      | You fall through a shaft for 2 floors!
  3697 | D:7      | Noticed a slave
  3698 | D:7      | Noticed Pikel
  3698 | D:7      | Noticed a slave
  3715 | D:7      | Noticed a slave
  3718 | D:7      | Noticed a slave
  3750 | D:7      | Killed Pikel
  3750 | D:7      | Reached XP level 7. HP: 34/60 MP: 7/9
  3853 | D:7      | Found an opulent altar of Gozag.
  3897 | D:7      | Noticed Menkaure
  3909 | D:7      | Killed Menkaure
  3909 | D:7      | Reached skill level 5 in Armour
  3909 | D:7      | Reached XP level 8. HP: 12/67 MP: 10/10
  4295 | D:6      | Got a faintly glowing bardiche
  4296 | D:6      | Identified the +0 bardiche of Ylivibro {chop, rPois MR+ Int-4 SInv} (You found it on level 6 of the Dungeon)
  4403 | D:6      | Reached skill level 5 in Fighting
  4403 | D:6      | Reached skill level 5 in Axes
  4501 | D:6      | Reached skill level 5 in Invocations
  4544 | D:6      | Reached *** piety under Lugonu
  4806 | D:7      | Reached skill level 1 in Polearms
  4912 | D:6      | Noticed Blork the orc
  4918 | D:6      | Killed Blork the orc
  5206 | D:6      | Noticed tschems's ghost (novice HuFi)
  5224 | D:6      | Banished tschems's ghost
  5224 | D:6      | Reached XP level 9. HP: 26/74 MP: 7/12
  6234 | D:5      | Noticed Prince Ribbit
  6536 | D:5      | Noticed Edmund
  6544 | D:5      | Killed Edmund
  7326 | D:7      | Found a sparkling altar of Nemelex Xobeh.
  7686 | D:7      | Found a runed door.
  7686 | D:7      | Noticed Duvessa
  7686 | D:7      | Noticed Dowan
  7710 | D:7      | Killed Duvessa
  7710 | D:7      | Reached skill level 5 in Polearms
  7720 | D:7      | Killed Dowan
  7729 | D:7      | Noticed Crazy Yiuf
  7743 | D:7      | Killed Crazy Yiuf
  8084 | D:8      | Reached XP level 10. HP: 68/83 MP: 13/13
  8137 | D:8      | Noticed Peloso's ghost (novice MiFi)
  8719 | D:9      | Noticed Gastronok
  8743 | D:9      | Killed Gastronok
  9059 | D:9      | Found a white marble altar of Elyvilon.
  9124 | D:9      | Found a glowing silver altar of Zin.
  9125 | D:9      | Found a glowing golden altar of the Shining One.
  9204 | D:9      | Noticed a hand axe
  9205 | D:9      | Noticed a dagger
  9208 | D:9      | Found a hide-covered altar of Uskayaw.
 10203 | D:8      | Banished Peloso's ghost
 10203 | D:8      | Reached XP level 11. HP: 75/92 MP: 15/15
 10768 | D:9      | Found a radiant altar of Vehumet.
 10768 | D:9      | Found a shimmering altar of Xom.
 10798 | D:10     | Entered Level 10 of the Dungeon
 11312 | D:10     | Noticed a six-headed hydra
 11323 | D:10     | Banished a seven-headed hydra
 11551 | D:10     | Found a shattered altar of Ashenzari.
 11843 | D:10     | Reached **** piety under Lugonu
 12106 | D:10     | Reached skill level 1 in Shields
 13117 | D:11     | Noticed a hill giant
 13128 | D:11     | Banished a hill giant
 13413 | D:11     | Found a staircase to the Lair.
 13415 | D:11     | Noticed an oklob plant
 13421 | D:11     | Banished an oklob plant
 13626 | Lair:1   | Entered Level 1 of the Lair of Beasts
 14423 | Lair:1   | Reached XP level 12. HP: 48/101 MP: 17/17
 15262 | Lair:2   | Noticed Laauton's ghost (novice DDFi)
 15315 | Lair:2   | Killed Laauton's ghost
 15378 | Lair:2   | Noticed Erica
 15391 | Lair:2   | Killed Erica
 15391 | Lair:2   | Reached skill level 10 in Armour
 15500 | Lair:2   | Noticed Fannar
 15543 | Lair:2   | Killed Fannar
 16895 | Lair:3   | Found a staircase to the Snake Pit.
 17262 | Lair:3   | Noticed an eight-headed hydra
 17270 | Lair:3   | Banished a nine-headed hydra
 17515 | Lair:3   | Noticed a five-headed hydra
 17516 | Lair:3   | Banished a five-headed hydra
 17964 | Lair:4   | Found a staircase to the Shoals.
 18259 | Lair:4   | Noticed a six-headed hydra
 18260 | Lair:4   | Banished a six-headed hydra
 18313 | Lair:4   | Reached skill level 10 in Axes
 18537 | Lair:4   | Reached skill level 10 in Invocations
 18575 | Lair:4   | Reached XP level 13. HP: 49/109 MP: 19/19
 19186 | Lair:5   | Found a viscous altar of Jiyva.
 19186 | Lair:5   | Found a staircase to the Slime Pits.
 20220 | Lair:6   | Entered Level 6 of the Lair of Beasts
 21529 | Lair:5   | HP: 4/111 [black mamba (12)]
 22361 | Lair:6   | Noticed Snorg
 22444 | Lair:6   | Killed Snorg
 23375 | Lair:6   | Reached XP level 14. HP: 53/118 MP: 21/21
 25764 | D:12     | Found a staircase to the Orcish Mines.
 25827 | D:12     | Noticed Frances
 26665 | D:13     | Got a steaming trident
 26775 | D:13     | Noticed Josephine
 26799 | D:13     | Killed Josephine
 26814 | D:13     | Reached skill level 10 in Fighting
 27193 | D:13     | Found a roughly hewn altar of Beogh.
 28696 | D:13     | Reached XP level 15. HP: 92/128 MP: 23/23
 28839 | D:14     | Found a shadowy altar of Dithmenos.
 28854 | D:14     | Reached skill level 5 in Shields
 29120 | D:14     | Reached ***** piety under Lugonu
 29482 | D:14     | Found a gate to the Vaults.
 29975 | D:14     | Noticed Louise
 30000 | D:14     | Killed Louise
 30199 | D:14     | Noticed Nessos
 30207 | D:14     | Killed Nessos
 30427 | D:15     | Entered Level 15 of the Dungeon
 30598 | D:15     | Noticed Laauton's ghost (journeyman DDFi)
 30631 | D:15     | Slain by an enormous slime creature

Skill      XL: |  1  2  3  4  5  6  7  8  9 10 11 12 13 14 15 |
---------------+----------------------------------------------+-----
Dodging        | 1 2 3 4 |  4.4
Armour         | 2 3 4 5 6 7 8 9 10 11 12 | 12.8
Axes           | 2 4 5 7 8 10 11 12 | 12.5
Fighting       | 4 5 6 7 8 9 10 | 10.6
Invocations    | 3 4 5 6 7 8 10 11 12 | 12.5
Polearms       | 3 5 7 |  7.9
Shields        | 1 3 4 5 |  5.8
Throwing       | |  0.6
Evocations     | |  0.8

Action                   |  1- 3 |  4- 6 |  7- 9 | 10-12 | 13-15 || total
-------------------------+-------+-------+-------+-------+-------++-------
Melee: Hand axe          |   132 |   337 |    47 |       |       ||   516
       Bardiche          |       |       |   251 |    13 |   563 ||   827
       War axe           |       |       |    88 |  1499 |   904 ||  2491
       Broad axe         |       |       |       |       |   190 ||   190
Throw: Tomahawk          |       |     1 |       |    15 |     2 ||    18
Invok: Depart the Abyss  |     1 |       |       |       |       ||     1
       Banish            |       |       |     2 |    11 |    15 ||    28
       Bend Space        |       |       |       |       |     8 ||     8
Evoke: Wand              |       |       |       |     4 |    21 ||    25
  Use: Scroll            |       |    10 |     6 |     7 |    23 ||    46
       Potion            |       |       |     8 |     7 |    11 ||    26
  Eat: Chunk             |    12 |    23 |    38 |   122 |   239 ||   434
Armor: Leather armour    |    13 |       |       |       |       ||    13
       Ring mail         |     1 |       |       |       |       ||     1
       Scale mail        |    28 |    83 |       |       |       ||   111
       Plate armour      |       |    86 |   268 |       |       ||   354
       Chain mail        |       |       |   132 |  1011 |  1053 ||  2196
Dodge: Dodged            |    53 |   101 |   137 |   581 |   858 ||  1730
Block: Other             |    19 |    44 |    90 |    96 |   120 ||   369
       Reflection        |       |     1 |     4 |    11 |    19 ||    35
       Buckler           |       |       |       |   395 |   465 ||   860
       Large shield      |       |       |       |       |    40 ||    40
